cohdb
Replays
Latest Replays
All Replays
Popular Replays
Top Player Replays
Match Explorer
How It Works
Community
CoH3 Stats
Reddit
Sign in to upload your games and track your stats! →
Sign in with Steam
Match 43872129
Unlisted
Match 43872129
Overview
Messages
Build Orders
End
Construct Section Command Post
Dingo Light Scout Car
Infantry Section
Selects Heavy Armor Battlegroup
Selects Heavy Armor Battlegroup
Selects Heavy Armor Battlegroup
Infantry Section
Infantry Section
Construct Platoon Command Post
Construct Field Infirmary
Selects Light Vehicle Withdraw and Refit
Unlock M3 Stuart Light Tanks
6-pounder Anti-tank Gun Team
Light Vehicle Withdraw and Refit
M3 Stuart Light Tank
Selects Engineer Detachments
Royal Engineer Section
M3 Stuart Light Tank
Royal Engineer Section
M3 Stuart Light Tank
M3 Stuart Light Tank
Light Vehicle Training
Selects Radio Net
M3 Stuart Light Tank
Radio Net
Seocheon
헤네시스택시기사
Symbiosis
Ashurbanipal
0
0
Comments
sign in to comment!
No comments posted yet!